 Dungeon Crawl Stone Soup version 0.29-a0-286-g41199d4a87 (webtiles) character file.

Game seed: 7636052426192017781

413 namelastname112 the Sneak (level 6, 0/52 HPs)
             Began as a Draconian Brigand on Mar 16, 2022.
             Slain by an orc
             ... wielding a +1 trident of flaming
              (1 damage)
             ... on level 4 of the Dungeon.
             The game lasted 00:02:51 (3678 turns).

namelastname112 the Sneak (Draconian Brigand)       Turns: 3678, Time: 00:02:51

Health: 0/52       AC:  7    Str: 10 (13) XL:     6   Next: 59%
Magic:  6/6        EV: 12    Int:  9 (11) God:
Gold:   117        SH:  0    Dex: 14 (15) Spells: 5/5 levels left

rFire   . . .      SeeInvis .   a - +2 dagger
rCold   . . .      Faith    .   (no shield)
rNeg    . . .      Spirit   .   (body armour unavailable)
rPois   .          Reflect  .   (helmet restricted)
rElec   .          Harm     .   b - +0 cloak
rCorr   +          Rampage  .   (no gloves)
Will    .....                   (no boots)
Stlth   +++.......              (no amulet)
HPRegen 0.17/turn               h - ring of resist corrosion
MPRegen 0.10/turn               (no ring)

@: no status effects
A: AC +6, unfitting armour, cold-blooded
a: no special abilities


You were on level 4 of the Dungeon.
You visited 1 branch of the dungeon, and saw 4 of its levels.

You collected 117 gold pieces.

Inventory:

Hand Weapons
 a - a +2 dagger (weapon)
Missiles
 c - 10 poisoned darts (quivered)
 d - 3 curare-tipped darts
Armour
 b - a +0 cloak (worn)
Jewellery
 h - a ring of resist corrosion (left hand)
Wands
 r - a wand of iceblast (7)
Scrolls
 f - a scroll of brand weapon {unknown}
 g - a scroll of fog {unknown}
 j - 4 scrolls of identify {unknown}
 k - 2 scrolls of enchant weapon {unknown}
 l - 2 scrolls of noise {unknown}
 m - a scroll of blinking {unknown}
 o - a scroll of fear {unknown}
 p - 2 scrolls of amnesia {unknown}
 s - a scroll of holy word {unknown}
Potions
 e - a potion of degeneration
 i - 3 potions of flight {unknown}
 n - 3 potions of heal wounds {unknown}
 q - 2 potions of curing {unknown}
 t - 2 potions of magic {unknown}
 u - a potion of berserk rage {unknown}


   Skills:
 + Level 4.0 Fighting
 + Level 3.5 Short Blades
 + Level 3.2 Throwing
 + Level 2.6 Dodging
 + Level 4.7 Stealth


You had 5 spell levels left.
You didn't know any spells.
Your spell library contained the following spells:

 Spells                   Type           Power      Damage    Failure   Level
 Gell's Gravitas          Tloc           0%         N/A       77%         3
 Teleport Other           Tloc           0%         N/A       77%         3
 Dispersal                Tloc           0%         N/A       100%        6


Dungeon Overview and Level Annotations

Branches:
Dungeon (4/15)
 Temple: D:4-7

Altars:
Ashenzari


Innate Abilities, Weirdness & Mutations

Your plain brown scales are hard. (AC +6)
You cannot fit into any form of body armour.
You are cold-blooded and may be slowed by cold attacks.


Message History

You are too injured to fight recklessly!!!
You are too injured to fight recklessly!!!
You are too injured to fight recklessly!!!
You are too injured to fight recklessly!!!
You are too injured to fight recklessly!!!
You are too injured to fight recklessly!!!
You are too injured to fight recklessly!!!
You are too injured to fight recklessly!!!
You are too injured to fight recklessly!!!
You are too injured to fight recklessly!!!
Press: ? - help, v - describe, ! - travel
Here: an orc, wielding a +1 trident of flaming The floor!
Unknown command!
Unknown command!
The orc hits you with a +0 club! The orc hits you but does no damage!
The orc misses you!
You see here a +0 dagger!
You take 2 damage, and have 22/52 hp!
You barely miss the orc! The orc hits you but does no damage! x2
The orc closely misses you!
You closely miss the orc! You skewer the orc like a kebab!
Your tail-slap misses the orc!
The orc is moderately wounded!
The orc hits you with a +0 club!
The orc hits you with a +1 trident of flaming!!! * * * don't die
* * * The orc burns you! * * * don't die
* * * The orc hits you with a +0 dagger! * * * don't die
* * * You take 15 damage, and have 7/52 hp!
MASSIVE DAMAGE!!!!!!
It was a potion of degeneration!
There was something very wrong with that liquid!
You feel weakened!
You feel dopey!
You feel clumsy! The orc closely misses you!
The orc hits you with a +1 trident of flaming! * * * don't die
* * * The orc burns you! rip

..##. #....# #....
#.... #...# #<..#
#.## #...# # #...
##..# #..o#
.####.@o##......
...#..o)#.......
........#.......
.........#.......
.........#...........
.........#...........
.........#...........
.......#..###.......
......##..###.....#


You could see 3 orcs.

Vanquished Creatures
  A phantom (D:4)
  A bullfrog (D:4)
  A scorpion (D:4)
  A hound (D:4)
  Ijyb (D:3)
  An iguana (D:4)
  Robin (D:3)
  5 adders
  A gnoll (D:1)
  A worm (D:3)
  3 orcs
  2 endoplasms
  A giant cockroach (D:1)
  10 goblins
  3 hobgoblins
  6 jackals
  2 quokkas (D:3)
  10 ball pythons
  6 bats
  4 frilled lizards
  8 kobolds
  5 rats
74 creatures vanquished.

Vanquished Creatures (others)
  A bat (D:3)
1 creature vanquished.

Grand Total: 75 creatures vanquished

Notes
Turn   | Place    | Note
-------+----------+-------------------------------------------
     0 | D:1      | namelastname112 the Draconian Brigand began the quest for
                  | the Orb.
     0 | D:1      | Reached XP level 1. HP: 17/17 MP: 1/1
   126 | D:1      | Reached skill level 1 in Dodging
   215 | D:1      | Reached XP level 2. HP: 23/25 MP: 2/2
   709 | D:1      | Reached XP level 3. HP: 30/30 MP: 3/3
  1406 | D:2      | Found a broken altar of Ashenzari.
  1514 | D:3      | Reached XP level 4. HP: 35/37 MP: 4/4
  2228 | D:3      | Noticed Ijyb
  2249 | D:3      | Killed Ijyb
  2499 | D:3      | Noticed Robin
  2502 | D:3      | Reached XP level 5. HP: 39/45 MP: 5/5
  2508 | D:3      | Killed Robin
  3117 | D:4      | Reached XP level 6. HP: 30/52 MP: 6/6
  3678 | D:4      | HP: 1/52 [orc/+1 trident of flaming (6)]
  3678 | D:4      | Slain by an orc

Illustrated notes

Levels and vault maps discovered:
D:1:      matt_arrival_spirals, layout_loops_ring, minmay_misc_feat_columns
D:2:      layout_rooms, basic_altar
D:3:      layout_basic, uniq_ijyb, uniq_robin
D:4:      layout_cave_pods, nicolae_figureground_pulse

Skill      XL: |  1  2  3  4  5  6 |
---------------+-------------------+-----
Dodging        | 1 2 |  2.6
Throwing       | 2 3 |  3.2
Stealth        | 4 |  4.7
Fighting       | 3 4 |  4.0
Short Blades   | 3 |  3.5

Action                   |  1- 3 |  4- 6 || total
-------------------------+-------+-------++-------
Melee: Dagger            |   105 |   177 ||   282
       Tailslap          |     9 |    23 ||    32
       Punch             |     1 |       ||     1
Throw: Dart              |       |    17 ||    17
  Use: Potion            |       |     1 ||     1
 Stab: Sleeping          |    10 |     2 ||    12
       Distracted        |       |     1 ||     1
Armor: Skin              |    54 |    53 ||   107
Dodge: Dodged            |    77 |   105 ||   182

Table legend: (Time is in decaauts)
 A = Elapsed time spent in this place.
 B = Non-inter-level travel time spent in this place.
 C = Inter-level travel time spent in this place.
 D = Time resting spent in this place.
 E = Time spent auto-exploring this place.
 F = Levels seen in this place.
 G = Mean time per level.
                   A        B        C        D        E       F      G
               +--------+--------+--------+--------+--------+-----+--------+
         Total |   3635 |   3563 |     72 |    106 |   2918 |   4 |  908.8 |
       Dungeon |   3635 |   3563 |     72 |    106 |   2918 |   4 |  908.8 |
               +--------+--------+--------+--------+--------+-----+--------+

Top non-repeatable levels by time:
     D:3: 1272 daAuts
     D:1: 934 daAuts
     D:4: 871 daAuts
     D:2: 557 daAuts
